 Dungeon Sprint DCSS version 0.21-a0-401-g0b6bec4 (webtiles) character file.

1069 theanonym the Fighter (level 8, -5/57 HPs)
             Began as a Gargoyle Fighter on Oct 21, 2017.
             Was a Believer of Makhleb.
             Slain by an unseen horror (7 damage)
             ... in the Dungeon (Sprint IX: "|||||||||||||||||||||||||||||").
             The game lasted 00:04:39 (590 turns).

theanonym the Fighter (Gargoyle Fighter)             Turns: 590, Time: 00:04:40

Health: -5/57      AC: 21    Str: 23    XL:     8   Next: 28%
Magic:  8/8        EV:  9    Int:  8    God:    Makhleb [**....]
Gold:   0          SH: 12    Dex: 12    Spells: 7/7 levels left

rFire    . . .     SeeInvis .   (no weapon)
rCold    . . .     Gourm    .   c - +0 shield
rNeg     + . .     Faith    .   l - +1 chain mail
rPois    ∞         Spirit   .   r - +0 helmet
rElec    +         Reflect  .   q - +0 cloak
rCorr    .         Harm     .   (no gloves)
MR       .....     NoTele   +   (no boots)
Stlth    ..........             (no amulet)
HPRegen  0.19/turn              s - +2 ring of evasion
MPRegen  0.11/turn              t - +3 ring of dexterity

@: berserk cooldown
A: negative energy resistance 1, electricity resistance, unbreathing,
petrification resistance, rot immunity, AC +5
a: Minor Destruction, Renounce Religion


You were in the Dungeon.
You worshipped Makhleb.
Makhleb was pleased with you.
You were not hungry.

You visited 1 branch

Inventory:

Hand Weapons
 o - a +2 halberd of venom
   (You found it in the Dungeon)
Armour
 c - a +0 shield (worn)
 l - a +1 chain mail (worn)
   (You found it in the Dungeon)
 q - a +0 cloak (worn)
   (You found it in the Dungeon)
 r - a +0 helmet (worn)
   (You found it in the Dungeon)
Jewellery
 s - a +2 ring of evasion (left hand)
   (You found it in the Dungeon)
 t - a +3 ring of dexterity (right hand)
   (You found it in the Dungeon)
Wands
 p - a wand of lightning (7/15)
   (You found it in the Dungeon)
Scrolls
 k - 2 scrolls of blinking
 m - 3 scrolls of remove curse
 n - 2 scrolls of amnesia
Potions
 i - 4 potions of magic
Comestibles
 f - a bread ration


   Skills:
 + Level 10.2 Fighting
 * Level 8.4 Polearms
 + Level 10.2 Armour
 + Level 10.2 Shields


You had 7 spell levels left.
You didn't know any spells.

Dungeon Overview and Level Annotations

Branches:
Dungeon (1/1)

Altars:
Cheibriados
Dithmenos
Elyvilon
Fedhas
Gozag
Hepliaklqana
Kikubaaqudgha
Makhleb
Nemelex Xobeh
Okawaru
Qazlal
Ru
Sif Muna
Trog
Uskayaw
Vehumet
Wu Jian
Xom
Yredelemnul
Zin
The Shining One
Beogh
Jiyva
Lugonu


Innate Abilities, Weirdness & Mutations

You are resistant to torment.
Your stone body is resilient. (AC +5)
You are immune to poison.
You resist negative energy. (rN+)
You are resistant to electric shocks. (rElec)
You can survive without breathing.
You are immune to petrification.
You are immune to rotting.


Message History

You block something's attack.
Deactivating autopickup; reactivate with Ctrl-A.
Something hits you.
* * * LOW HITPOINT WARNING * * *
Something hits you.
* * * LOW HITPOINT WARNING * * *
You take 6 damage, and have 2/57 hp.
You feel better.
Something hits you but does no damage. x2
The shadow slips into darkness.
The shadow flickers and vanishes!
You regained 10 hp, and now have 12/57 hp.
You feel better. Something hits you but does no damage.
You regained 5 hp, and now have 17/57 hp.
You feel better. Something hits you.
* * * LOW HITPOINT WARNING * * *
Something hits you.
* * * LOW HITPOINT WARNING * * *
You feel better. You block something's attack.
Something hits you but does no damage. x2
You regained 6 hp, and now have 23/57 hp.
You completely miss something. Something hits you but does no damage.
Something hits you.
* * * LOW HITPOINT WARNING * * *
You take 1 damage, and have 22/57 hp.
You miss something.
Something hits you but does no damage. x2
Something hits you!
* * * LOW HITPOINT WARNING * * *
You take 7 damage, and have 15/57 hp.
You hit something. Something hits you but does no damage. Something hits you.
* * * LOW HITPOINT WARNING * * *
Something hits you.
* * * LOW HITPOINT WARNING * * *
You take 5 damage, and have 10/57 hp.
You hit something but do no damage.
Something hits you but does no damage. x3
You closely miss something. Something hits you but does no damage.
You block something's attack.
You miss something. You block something's attack. Something hits you.
* * * LOW HITPOINT WARNING * * *
Something hits you but does no damage.
You take 5 damage, and have 6/57 hp.
Something hits you but does no damage.
You see here a dagger.
Something hits you but does no damage. x2
Something hits you but does no damage. Something hits you but does no damage.
Something hits you but does no damage.
You see here a robe.
Something hits you but does no damage.
There is an open door to the Dungeon, spattered with blood here.
Things that are here:
a giant spiked club; a giant club Something hits you but does no damage. x2
Things that are here:
5 stones; an uncursed staff of energy A shadow appears from thin air!
Reactivating autopickup.
Something hits you but does no damage.
Deactivating autopickup; reactivate with Ctrl-A.
Something hits you.
* * * LOW HITPOINT WARNING * * *
Something hits you.
* * * LOW HITPOINT WARNING * * *
All of the chunks of flesh in your inventory have rotted away.
You see here a +0 scale mail.
Something hits you but does no damage.
Your magical contamination has completely faded away.
You take 6 damage, and have 2/57 hp.
Something hits you but does no damage.
Okay, then.
Unknown command.
You block something's attack.
Items here: ))))))
Something hits you but does no damage. x2
Something hits you.
* * * LOW HITPOINT WARNING * * *
Something hits you but does no damage.
The shadow slips into darkness.
The shadow flickers and vanishes!
You take 1 damage, and have 2/57 hp.
You are too injured to fight recklessly!
You hit something but do no damage.
You feel yourself speed up. Something hits you but does no damage.
You miss something.
Something hits you but does no damage. x2
You miss something. Something hits you but does no damage.
You block something's attack. Something hits you but does no damage.
You miss something. Something hits you but does no damage. Something hits you.
* * * LOW HITPOINT WARNING * * *
You take 1 damage, and have 2/57 hp.
You barely miss something.
Something hits you but does no damage. x2
You block something's attack.
Your shield and chain mail prevent you from hitting something.
Something hits you but does no damage. x2
Your shield prevents you from hitting something.
Something hits you but does no damage. x2
You closely miss something. Something hits you.
* * * LOW HITPOINT WARNING * * *
You take 1 damage, and have 2/57 hp.
You hit something. Something hits you!
You die...

▓)▓
▓(▓
▓.▓
▓Z▓
▓c▓
▓Z▓
▓{▓
▓{▓
▓@▓
▓.▓
▓'▓
▓_▓
▓_▓
▓_▓
▓_▓
▓_▓
▓_▓


You could see a centaur, an adder zombie and an adder skeleton.

Vanquished Creatures
  A two-headed ogre (D)
  A troll (D)
  A big kobold (D)
  A crimson imp (D)
  A jelly (D)
  2 worker ants (D)
  2 orc wizards (D)
  A gnoll (D)
  A bat zombie (D)
  A giant cockroach (D)
  A goblin (D)
  A hobgoblin (D)
  A quokka (D)
  A quokka zombie (D)
  A rat (D)
17 creatures vanquished.

Notes
Turn   | Place    | Note
-------+----------+-------------------------------------------
     0 | D        | theanonym the Gargoyle Fighter began the quest for the Orb.
     0 | D        | Reached XP level 1. HP: 14/14 MP: 1/1
     4 | D        | Reached skill level 2 in Polearms
    11 | D        | Reached skill level 4 in Fighting
    11 | D        | Reached skill level 4 in Armour
    11 | D        | Reached skill level 4 in Shields
    11 | D        | Reached XP level 2. HP: 17/20 MP: 2/2
    45 | D        | Noticed a crimson imp
    51 | D        | Reached skill level 3 in Polearms
    51 | D        | Reached XP level 3. HP: 16/25 MP: 3/3
    56 | D        | Reached skill level 5 in Fighting
    56 | D        | Reached skill level 5 in Armour
    56 | D        | Reached skill level 5 in Shields
    63 | D        | Reached XP level 4. HP: 19/31 MP: 4/4
    89 | D        | Reached skill level 4 in Polearms
   234 | D        | Found a roughly hewn altar of Beogh.
   234 | D        | Found a snail-covered altar of Cheibriados.
   234 | D        | Found a shadowy altar of Dithmenos.
   234 | D        | Found a white marble altar of Elyvilon.
   234 | D        | Found a blossoming altar of Fedhas.
   234 | D        | Found an opulent altar of Gozag.
   235 | D        | Found a hazy altar of Hepliaklqana.
   236 | D        | Found a viscous altar of Jiyva.
   237 | D        | Found an ancient bone altar of Kikubaaqudgha.
   238 | D        | Found a corrupted altar of Lugonu.
   239 | D        | Found a burning altar of Makhleb.
   240 | D        | Found a sparkling altar of Nemelex Xobeh.
   241 | D        | Found an iron altar of Okawaru.
   242 | D        | Found a stormy altar of Qazlal.
   243 | D        | Found a sacrificial altar of Ru.
   244 | D        | Found a deep blue altar of Sif Muna.
   245 | D        | Found a bloodstained altar of Trog.
   246 | D        | Found a hide-covered altar of Uskayaw.
   247 | D        | Became a worshipper of Makhleb the Destroyer
   248 | D        | Found a radiant altar of Vehumet.
   249 | D        | Found an ornate altar of the Wu Jian Council.
   250 | D        | Found a shimmering altar of Xom.
   251 | D        | Found a basalt altar of Yredelemnul.
   252 | D        | Found a glowing silver altar of Zin.
   253 | D        | Found a glowing golden altar of the Shining One.
   292 | D        | Noticed a troll
   292 | D        | Noticed a two-headed ogre
   292 | D        | Noticed a big kobold
   298 | D        | Reached skill level 6 in Fighting
   298 | D        | Reached skill level 6 in Armour
   298 | D        | Reached skill level 6 in Shields
   298 | D        | Reached XP level 5. HP: 36/36 MP: 5/5
   314 | D        | Killed a big kobold
   314 | D        | Reached * piety under Makhleb
   314 | D        | Reached skill level 7 in Fighting
   314 | D        | Reached skill level 5 in Polearms
   314 | D        | Reached skill level 7 in Armour
   314 | D        | Reached skill level 7 in Shields
   326 | D        | Killed a two-headed ogre
   326 | D        | Reached skill level 9 in Fighting
   326 | D        | Reached skill level 7 in Polearms
   326 | D        | Reached skill level 9 in Armour
   326 | D        | Reached skill level 9 in Shields
   326 | D        | Reached XP level 6. HP: 48/48 MP: 6/6
   326 | D        | Reached XP level 7. HP: 52/52 MP: 7/7
   330 | D        | Killed a troll
   330 | D        | Reached skill level 10 in Fighting
   330 | D        | Reached skill level 8 in Polearms
   330 | D        | Reached skill level 10 in Armour
   330 | D        | Reached skill level 10 in Shields
   330 | D        | Reached XP level 8. HP: 40/57 MP: 8/8
   333 | D        | Reached ** piety under Makhleb
   411 | D        | Noticed a shadow
   539 | D        | HP: 4/57 [something (4)]
   557 | D        | HP: 5/57 [something (3)]
   557 | D        | HP: 2/57 [something (3)]
   576 | D        | HP: 2/57 [something (6)]
   581 | D        | HP: 2/57 [something (1)]
   589 | D        | HP: 2/57 [something (1)]
   590 | D        | Slain by an unseen horror

Vault maps used:
D:        linesprint

Skill      XL: |  1  2  3  4  5  6  7 |
---------------+----------------------+-----
Polearms       | 2 3 4 7 8 |  8.4
Fighting       | 4 5 6 9 10 | 10.2
Armour         | 4 5 6 9 10 | 10.2
Shields        | 4 5 6 9 10 | 10.2

Action                   |  1- 3 |  4- 6 |  7- 9 || total
-------------------------+-------+-------+-------++-------
Melee: Trident           |    18 |       |       ||    18
       Spear             |    18 |    50 |     6 ||    74
       Unarmed           |       |       |   155 ||   155
  Use: Potion            |       |     2 |    10 ||    12
Armor: Scale mail        |    12 |    13 |     1 ||    26
       Chain mail        |       |       |   153 ||   153
Dodge: Dodged            |     5 |    11 |    19 ||    35
Block: Shield            |    13 |    19 |    55 ||    87

Table legend:
 A = Spawn XP
 B = Non-spawn XP
 C = Spawn XP percentage of total XP
 D = Spawn monster count
 E = Non-spawn monster count
 F = Spawn count percentage of total count
 G = Total turns spent on level
                    A         B        C        D         E        F      G
               +---------+---------+-------+---------+---------+-------+---------
         Total |       0 |    1528 |   0.0 |       0 |      17 |   0.0 |   590
               +---------+---------+-------+---------+---------+-------+---------
             D |       0 |    1528 |   0.0 |       0 |      17 |   0.0 |   590
               +---------+---------+-------+---------+---------+-------+---------
